 Dungeon Crawl Stone Soup version 0.30.1-3-gfc49f6343a (webtiles) character file.

Game seed: 16224594627867099564

6223 Peloso the Carver (level 10, -3/91 HPs)
             Began as a Minotaur Fighter on Aug 1, 2023.
             Was an Elder of Okawaru.
             Slain by a phantasmal warrior (32 damage)
             ... led by a death knight
             ... on level 10 of the Dungeon.
             The game lasted 00:14:20 (9605 turns).

Peloso the Carver (Minotaur Fighter)                Turns: 9605, Time: 00:14:20

Health: -3/91      AC: 14    Str: 28    XL:     10   Next: 61%
Magic:  9/9        EV:  9    Int:  5    God:    Okawaru [****..]
Gold:   548        SH: 11    Dex: 15    Spells: 9/9 levels left

rFire   . . .        c - +11 morningstar of the Wizarding Traitor {freeze, rElec rN+ Dex+2}
rCold   . . .        d - +0 buckler
rNeg    + . .        l - +0 plate armour
rPois   .            (helmet restricted)
rElec   +            (no cloak)
rCorr   .            (no gloves)
SInv    .            (no boots)
Will    .....        o - amulet of reflection Stlth
                     m - +6 ring of strength
HPRegen 0.35/turn    (no ring)
MPRegen 0.11/turn

%: reflection
@: weak-willed, slowed, very slow
A: horns 2, retaliatory headbutt
a: Renounce Religion, Heroism, Finesse


You were on level 10 of the Dungeon.
You worshipped Okawaru.
Okawaru was greatly pleased with you.
You visited 1 branch of the dungeon, and saw 10 of its levels.

You collected 548 gold pieces.

Inventory:

Hand Weapons
 a - a +1 long sword
 b - a +0 war axe of flaming
 c - the +11 morningstar of the Wizarding Traitor (weapon) {freeze, rElec rN+ Dex+2}
   (Okawaru gifted it to you on level 9 of the Dungeon)

   Dex:       It affects your dexterity (+2).
   rElec:     It insulates you from electricity.
   rN:        It protects you from negative energy.
Armour
 d - a +0 buckler (worn)
 j - a +0 chain mail
 l - a +0 plate armour (worn)
Jewellery
 m - a +6 ring of strength (left hand)
 o - an amulet of reflection (around neck)
 p - a +6 ring of intelligence
 r - a ring of wizardry
 s - a ring of positive energy
Wands
 q - a wand of light (11)
 C - a wand of polymorph (4)
Scrolls
 f - 2 scrolls of enchant weapon
 g - a scroll of amnesia
 h - a scroll of torment {unknown}
 i - 3 scrolls of magic mapping
 k - 4 scrolls of poison {unknown}
 v - 2 scrolls of butterflies {unknown}
 x - 2 scrolls of fear
 y - 3 scrolls of teleportation {unknown}
 z - a scroll of silence {unknown}
 A - 3 scrolls of noise {unknown}
 B - 2 scrolls of blinking
Potions
 e - a potion of curing
 n - 2 potions of magic
 t - a potion of flight
 u - a potion of might
 w - a potion of brilliance {unknown}


   Skills:
 + Level 9.1 Fighting
 + Level 12.2 Long Blades
 + Level 9.2 Armour
 + Level 3.5 Dodging
 + Level 0.9 Stealth
 + Level 8.9 Shields
 + Level 1.0 Unarmed Combat
 + Level 0.1 Invocations


You had 9 spell levels left.
You didn't know any spells.
Your spell library contained the following spells:

 Spells                   Type           Power      Damage    Failure   Level
 Momentum Strike          Conj/Tloc      0%         3d8       100%        2
 Passwall                 Tmut/Erth      0%         N/A       100%        2
 Static Discharge         Conj/Air       0%         2-2/arc   100%        2
 Ignite Poison            Fire/Tmut/Pois 0%         N/A       100%        3
 Airstrike                Air            0%         2d(0-16)  100%        4
 Sticky Flame             Conj/Fire      0%         2d3       100%        4
 Orb of Destruction       Conj           0%         9d5       100%        7
 Ignition                 Fire           0%         3d3       100%        8
 Summon Lightning Spire   Summ/Air       Unusable   N/A       N/A         4

Dungeon Overview and Level Annotations

Branches:
Dungeon (10/15)            Temple (0/1) D:7            Lair (0/5) D:9
    Orc (0/2) D:9

Altars:
Ashenzari
Dithmenos
Fedhas
Okawaru
Sif Muna
Trog
Xom
Zin
The Shining One

Annotations:
D:3 Dig


Innate Abilities, Weirdness & Mutations

You have a pair of horns on your head.
You reflexively headbutt those who attack you in melee.


Message History

You enter the shallow water.
Moving in this stuff is going to be slow.
There is an open door here.
There is a stone staircase leading down here.
You climb downwards.
Found a scroll labelled YPEOPL QIEFFA.
There is a stone staircase leading up here.
Sorry, I don't know how to get there.
y - 3 scrolls labelled YPEOPL QIEFFA (gained 1)
Found 3 datura-tipped darts.
Found a stone staircase leading down.
A freezing wraith comes into view.
A freezing wraith is nearby!
A freezing wraith is nearby!
A freezing wraith is nearby!
A phantasmal warrior comes into view.
The phantasmal warrior gestures at you.
The phantasmal warrior blinks!
The phantasmal warrior gestures at you.
The phantasmal warrior blinks!
A death knight comes into view. It is wielding a +0 great sword.
The death knight shouts!
The freezing wraith hits you but does no damage.
The freezing wraith barely misses you.
You thump the freezing wraith! You headbutt the freezing wraith.
The freezing wraith is heavily damaged.
A phantasmal warrior comes into view.
The freezing wraith hits you. The freezing wraith freezes you!
The freezing wraith hits you but does no damage.
You barely miss the freezing wraith.
You headbutt the freezing wraith, but do no damage.
The freezing wraith is moderately damaged.
The phantasmal warrior hits you!!
Your willpower is stripped away!
The freezing wraith hits you but does no damage.
The freezing wraith hits you. The freezing wraith drains your vigour!
You feel yourself slow down.
The phantasmal warrior closely misses you.
The freezing wraith hits you. The freezing wraith freezes you!
You block the freezing wraith's attack. The phantasmal warrior hits you!!
You die...

..........#.......# ...
..........# ......# ....
###..##...###W....##...#
.....#......#...........
.....#......#.p.........
.....#......#...........
.....#......#...W...(...
.....#......#.....>.....
.....#......#...@W......
...######...####........
#...............
#...............
#...............
#...............
################


You could see a death knight, 2 phantasmal warriors and a freezing wraith.

Vanquished Creatures
  Maggie (D:7)
  Psyche (D:8)
  A troll (D:9)
  Prince Ribbit (D:9)
  Sigmund (D:3)
  4 yaks (D:7)
  A wyvern (D:9)
  Grum (D:8)
  A steam dragon (D:6)
  Menkaure (D:7)
  2 acid dragons
  Duvessa (D:5)
  A water moccasin (D:9)
  3 black bears
  3 sky beasts
  An ogre (D:6)
  2 centaurs (D:9)
  6 wolves
  2 phantoms
  3 kobold brigands
  3 scorpions
  4 bullfrogs
  7 wights
  Dowan (D:5)
  6 howler monkeys
  4 electric eels (D:9)
  3 orc priests
  3 hounds
  2 sleepcaps
  4 iguanas
  3 orc wizards
  Robin (D:3)
  3 gnolls (D:2)
  12 adders
  3 white imps
  2 dart slugs
  19 orcs
  5 endoplasms
  3 giant cockroaches
  19 goblins
  13 hobgoblins
  20 kobolds
  3 quokkas
  7 ball pythons
  5 bats
  3 frilled lizards
  4 rats
199 creatures vanquished.

Vanquished Creatures (others)
  2 howler monkeys (D:5)
  An iguana (D:5)
  An adder (D:5)
  An ufetubus (D:5)
5 creatures vanquished.

Grand Total: 204 creatures vanquished

Notes
Turn   | Place    | Note
-------+----------+-------------------------------------------
     0 | D:1      | Peloso the Minotaur Fighter began the quest for the Orb.
     0 | D:1      | Reached XP level 1. HP: 19/19 MP: 0/0
   230 | D:1      | Reached XP level 2. HP: 16/27 MP: 1/1
   738 | D:1      | Found a faded altar of an unknown god.
  1107 | D:2      | Reached XP level 3. HP: 31/33 MP: 2/2
  1193 | D:2      | Reached skill level 3 in Long Blades
  1311 | D:2      | Reached XP level 4. HP: 21/41 MP: 3/3
  1781 | D:3      | Noticed Sigmund
  1790 | D:3      | Killed Sigmund
  1791 | D:3      | Reached skill level 4 in Long Blades
  1791 | D:3      | Reached skill level 5 in Armour
  1791 | D:3      | Reached skill level 1 in Dodging
  1791 | D:3      | Reached XP level 5. HP: 47/47 MP: 4/4
  1791 | D:3      | Reached XP level 6. HP: 55/55 MP: 5/5
  1798 | D:3      | Found a glowing golden altar of the Shining One.
  1951 | D:3      | Reached skill level 5 in Fighting
  1968 | D:3      | Found an iron altar of Okawaru.
  2008 | D:3      | Became a worshipper of Warmaster Okawaru
  2054 | D:3      | Noticed Robin
  2093 | D:3      | Killed Robin
  2094 | D:3      | Reached skill level 5 in Long Blades
  2135 | D:3      | Found a glowing silver altar of Zin.
  3558 | D:4      | Found a broken altar of Ashenzari.
  3584 | D:5      | Entered Level 5 of the Dungeon
  3750 | D:5      | Reached XP level 7. HP: 61/61 MP: 6/6
  3754 | D:5      | Found a shimmering altar of Xom.
  3758 | D:5      | Reached skill level 6 in Long Blades
  3917 | D:5      | Reached skill level 5 in Shields
  4014 | D:5      | Reached * piety under Okawaru
  4154 | D:5      | You fall into a shaft and drop 3 floors!
  4248 | D:8      | Reached skill level 7 in Long Blades
  4256 | D:8      | Noticed Grum
  4294 | D:7      | Reached XP level 8. HP: 12/70 MP: 7/7
  4494 | D:7      | Noticed Menkaure
  4500 | D:7      | Killed Menkaure
  4500 | D:7      | Reached ** piety under Okawaru
  4613 | D:7      | Noticed Maggie
  4657 | D:7      | Killed Maggie
  4658 | D:7      | Reached skill level 8 in Long Blades
  4923 | D:7      | Reached skill level 9 in Long Blades
  4932 | D:7      | Reached XP level 9. HP: 40/78 MP: 8/8
  4936 | D:7      | Reached *** piety under Okawaru
  5295 | D:7      | Identified the +5 robe "Diufiefu" {rF+ rN+ Int+3}
  5657 | D:6      | Reached skill level 10 in Long Blades
  6026 | D:6      | Reached **** piety under Okawaru
  6103 | D:5      | Reached skill level 11 in Long Blades
  6277 | D:5      | Noticed Dowan
  6296 | D:5      | Killed Dowan
  6307 | D:5      | Found a shimmering blue altar of Sif Muna.
  6315 | D:5      | Got Sif Muna's Compendium of Permutations
  6318 | D:5      | Noticed Duvessa
  6331 | D:5      | Killed Duvessa
  6332 | D:5      | Found a bloodstained altar of Trog.
  6489 | D:4      | Found a shadowy altar of Dithmenos.
  7234 | D:7      | Found a staircase to the Ecumenical Temple.
  7634 | D:8      | Reached XP level 10. HP: 88/88 MP: 9/9
  7697 | D:8      | Noticed Psyche
  7801 | D:8      | Killed Psyche
  7801 | D:8      | Reached ***** piety under Okawaru
  7878 | D:8      | Killed Grum
  8023 | D:8      | Got the Essays on Burning Striking
  8338 | D:9      | Noticed Prince Ribbit
  8357 | D:9      | Killed Prince Ribbit
  8431 | D:9      | Reached skill level 1 in Unarmed Combat
  8465 | D:9      | Identified the +11 morningstar of the Wizarding Traitor
                  | {freeze, rElec rN+ Dex+2} (Okawaru gifted it to you on
                  | level 9 of the Dungeon)
  8465 | D:9      | Received a gift from Okawaru
  8466 | D:9      | Reached skill level 12 in Long Blades
  8903 | D:9      | Found a blossoming altar of Fedhas.
  9156 | D:9      | Found a staircase to the Lair.
  9163 | D:9      | Found a staircase to the Orcish Mines.
  9564 | D:10     | Entered Level 10 of the Dungeon
  9600 | D:10     | Noticed a phantasmal warrior
  9602 | D:10     | Noticed a death knight
  9603 | D:10     | Noticed a phantasmal warrior
  9605 | D:10     | Slain by a phantasmal warrior

Illustrated notes

Levels and vault maps discovered:
D:1:      saegor_arrival_under_anarchy, layout_basic,
          ebering_ecumenical_altar_hall, dk_noncrumbling_4
D:2:      layout_basic, minmay_misc_feat_square
D:3:      layout_basic, zin_treasury, tso_metal_star, lemuel_round_altar,
          uniq_sigmund, uniq_robin
D:4:      layout_loops_cross, nicolae_overflow_hidden_temple, st_stairs_4
D:5:      layout_loops_corners, nzn_overflow_gifts_of_might_and_magic,
          xom_confusion_cloud, dreamdust_princess_bridge, kennysheep_dice
D:6:      layout_basic
D:7:      layout_basic, minmay_temple_entry_antechambers, uniq_maggie,
          uniq_menkaure
D:8:      layout_cave_pools, uniq_grum, uniq_psyche
D:9:      layout_basic, fedhas_ov_isle_minmay, erik_lair_island, orc_0_dummy,
          uniq_prince_ribbit1
D:10:     layout_grid_maze

Skill      XL: |  1  2  3  4  5  6  7  8  9 10 |
---------------+-------------------------------+-----
Shields        | 4 5 6 7 8 |  8.9
Armour         | 4 5 6 7 8 9 |  9.2
Fighting       | 4 5 6 8 9 |  9.1
Long Blades    | 3 4 5 7 9 11 12 | 12.2
Dodging        | 1 2 3 |  3.5
Unarmed Combat | 1 |  1.0
Stealth        | |  0.9
Invocations    | |  0.1

Action                     |  1- 3 |  4- 6 |  7- 9 | 10-12 || total
---------------------------+-------+-------+-------+-------++-------
  Melee: Long sword        |    70 |   169 |   300 |   118 ||   657
         Headbutt          |     5 |    20 |    51 |    28 ||   104
         Morningstar       |       |       |       |     9 ||     9
         Unarmed           |       |       |       |     9 ||     9
 Invoke: Heroism           |       |       |       |     3 ||     3
  Evoke: Wand              |       |       |       |     1 ||     1
    Use: Scroll            |     5 |       |     2 |     1 ||     8
         Potion            |     2 |     3 |     3 |     3 ||    11
   Stab: Confused          |       |       |       |     1 ||     1
 Armour: Scale mail        |    36 |    47 |       |       ||    83
         Chain mail        |       |    10 |     6 |       ||    16
         Skin              |       |     7 |       |     5 ||    12
         Plate armour      |       |       |    88 |    67 ||   155
  Dodge: Dodged            |    33 |    63 |    77 |    49 ||   222
  Block: Buckler           |    15 |    72 |   124 |    74 ||   285
         Reflection        |       |       |     3 |     1 ||     4
         Other             |       |       |       |     3 ||     3
